 Dungeon Crawl Stone Soup version 0.28-a0-724-g66f9036eb4 (webtiles) character file.

Game seed: 4521183153652014394

85 bande the Skirmisher (level 4, 0/29 HPs)
             Began as a Gargoyle Fighter on Oct 27, 2021.
             Frozen to death by an endoplasm (3 damage)
             ... on level 2 of the Dungeon.
             The game lasted 00:02:02 (1308 turns).

bande the Skirmisher (Gargoyle Fighter)             Turns: 1308, Time: 00:02:03

Health: 0/29       AC: 10    Str: 17 (20) XL:     4   Next: 48%
Magic:  4/4        EV:  9    Int:  8 (9)  God:
Gold:   121        SH:  4    Dex:  6 (9)  Spells: 3/3 levels left

rFire   . . .      SeeInvis .   a - +1 war axe (vorpal)
rCold   . . .      Faith    .   c - +0 buckler
rNeg    + . .      Spirit   .   b - +0 scale mail
rPois   ∞          Reflect  .   (no helmet)
rElec   +          Harm     .   (no cloak)
rCorr   .          Rampage  .   (no gloves)
Will    .....                   (no boots)
Stlth   ..........              (no amulet)
HPRegen 0.09/turn               (no ring)
MPRegen 0.09/turn               (no ring)

@: no status effects
A: sickness immunity, AC +3, negative energy resistance 1, electricity
resistance, torment resistance 1, petrification resistance
a: no special abilities


You were on level 2 of the Dungeon.
You visited 1 branch of the dungeon, and saw 2 of its levels.

You collected 121 gold pieces.

Inventory:

Hand Weapons
 a - a +1 vorpal war axe (weapon)
Armour
 b - a +0 scale mail (worn)
 c - a +0 buckler (worn)
Scrolls
 f - a scroll of fear {unknown}
Potions
 d - a potion of might


   Skills:
 + Level 3.9 Fighting
 + Level 3.0 Axes
 + Level 3.9 Armour
 - Level 0.1 Stealth
 + Level 3.5 Shields


You had 3 spell levels left.
You didn't know any spells.
Your spell library was empty.

Dungeon Overview and Level Annotations

Branches:
Dungeon (2/15)

Altars:

Shops:
D:2 (


Innate Abilities, Weirdness & Mutations

You are immune to sickness and miasma.
Your stone body is resilient. (AC +3)
You are immune to poison.
You resist negative energy. (rN+)
You are resistant to electric shocks. (rElec)
You are resistant to unholy torment.
You are immune to petrification.


Message History

There was something very wrong with that liquid.
You feel weakened.
You feel dopey.
You feel clumsy. You block the adder's attack.
The adder bites you but does no damage. The endoplasm freezes you.
You are frozen.
* * * LOW HITPOINT WARNING * * *
The adder bites you but does no damage.
It was a potion of curing.
You feel better. The adder bites you but does no damage.
The endoplasm freezes you.
You are frozen.
* * * LOW HITPOINT WARNING * * *
The adder bites you but does no damage. The adder barely misses you.
It was a potion of magic.
Magic courses through your body. The adder bites you but does no damage.
The endoplasm hits you but does no damage.
The adder bites you but does no damage.
You miss the adder.
The adder is severely wounded.
You closely miss the adder. You hit the endoplasm but do no damage.
The adder bites you but does no damage. The adder barely misses you.
You block the endoplasm's attack. The adder completely misses you.
The adder bites you.
* * * LOW HITPOINT WARNING * * *
You closely miss the adder.
The adder is severely wounded.
You slash the adder!
You kill the adder!
You hit the endoplasm. The adder bites you but does no damage.
The endoplasm hits you but does no damage.
You block the adder's attack.
The endoplasm jiggles.
The endoplasm hits you but does no damage.
Your Axes skill increases to level 3!
You hit the adder.
The adder is almost dead.
You hit the endoplasm. The adder barely misses you. The endoplasm freezes you.
You are frozen.
You die...

*,,,,,,,* *,* *,,,,*
*,......#####*,* *,*,**
*,,.....#....,,* *,,*,,
***#.8.8.8.#*******,,,,*
#..⌠.⌠..#*,,,,,*,,,*,
#####.8.∩.8.##,,,,,*,,*,*
#.,....⌠.⌠...#..,,,*,,,*,
#.####8.8J8.....**,*,*,,,
#.......@#**,,,,,*,*,,,,,
#....###S#****,,,*,*,,,,*
#....#*#...,,,,,,*,*,,,**
#....+,......,,,,,,*,,***
#....#,......#,,,*,*,,,,*
#....#.####..#,,,*,*,,,,,
####.#.#,,...#,,,,,*,,,,,
#.#.#.....#*,*,**,****
#........,,,,,,**,,,,,


You could see an adder and an endoplasm.

Vanquished Creatures
  4 adders (D:2)
  A dart slug (D:1)
  4 ball pythons (D:1)
  A giant cockroach (D:2)
  4 goblins
  4 hobgoblins
  6 jackals
  3 kobolds
  5 quokkas
  5 bats
  2 frilled lizards (D:1)
  6 rats
45 creatures vanquished.

Notes
Turn   | Place    | Note
-------+----------+-------------------------------------------
     0 | D:1      | bande the Gargoyle Fighter began the quest for the Orb.
     0 | D:1      | Reached XP level 1. HP: 14/14 MP: 1/1
    85 | D:1      | Reached XP level 2. HP: 19/19 MP: 2/2
   266 | D:1      | Found a faded altar of an unknown god.
   636 | D:1      | Reached XP level 3. HP: 24/24 MP: 3/3
  1039 | D:2      | Reached XP level 4. HP: 29/29 MP: 4/4
  1280 | D:2      | Found Vaohot's Weapon Emporium.
  1303 | D:2      | HP: 1/29 [frozen (3)]
  1308 | D:2      | Frozen to death by an endoplasm

Illustrated notes

Levels and vault maps discovered:
D:1:      tarquinn_simple_flora_water_e, layout_basic,
          hellmonk_ecumenical_altar_heavens_door
D:2:      kb_forest_paths, layout_basic, serial_shops,
          nicolae_shop_temple_entry_statues_fountains, minmay_misc_feat_rugged,
          kennysheep_generic_room_15

Skill      XL: |  1  2  3  4 |
---------------+-------------+-----
Axes           | 2 3 |  3.0
Fighting       | |  3.9
Armour         | |  3.9
Stealth        | |  0.1
Shields        | |  3.5

Action                   |  1- 3 |  4- 6 || total
-------------------------+-------+-------++-------
Melee: War axe           |    89 |    24 ||   113
  Use: Scroll            |     5 |       ||     5
       Potion            |       |     3 ||     3
Armor: Scale mail        |    52 |    31 ||    83
Dodge: Dodged            |    55 |    33 ||    88
Block: Buckler           |    18 |    17 ||    35

Table legend: (Time is in decaauts)
 A = Elapsed time spent in this place.
 B = Non-inter-level travel time spent in this place.
 C = Inter-level travel time spent in this place.
 D = Time resting spent in this place.
 E = Time spent auto-exploring this place.
 F = Levels seen in this place.
 G = Mean time per level.
                   A        B        C        D        E       F      G
               +--------+--------+--------+--------+--------+-----+--------+
         Total |   1352 |   1352 |      0 |      0 |   1094 |   2 |  676.0 |
       Dungeon |   1352 |   1352 |      0 |      0 |   1094 |   2 |  676.0 |
               +--------+--------+--------+--------+--------+-----+--------+

Top non-repeatable levels by time:
     D:1: 704 daAuts
     D:2: 648 daAuts
